 Dungeon Crawl Stone Soup version 0.25-a0-657-ge95d391c20 (webtiles) character file.

Game seed: 8940108602457390990, levelgen mode: deterministic

94 lemonriz the Sneak (level 4, -3/21 HPs)
             Began as a Spriggan Enchanter on Mar 22, 2020.
             Slain by Crazy Yiuf
             ... wielding a +3 quarterstaff of chaos
              (8 damage)
             ... on level 2 of the Dungeon.
             The game lasted 00:03:02 (1821 turns).

lemonriz the Sneak (Spriggan Enchanter)             Turns: 1821, Time: 00:03:03

Health: -3/21      AC:  2    Str:  4    XL:     4   Next: 38%
Magic:  6/9        EV: 19    Int: 17    God:
Gold:   53         SH:  0    Dex: 16    Spells: 1/8 levels left

rFire    . . .     SeeInvis +   a - +1 dagger (drain)
rCold    . . .     Gourm    .   (shield restricted)
rNeg     . . .     Faith    .   b - +0 robe
rPois    .         Spirit   .   (helmet restricted)
rElec    .         Reflect  .   (no cloak)
rCorr    .         Harm     .   (gloves unavailable)
MR       .....                  (boots unavailable)
Stlth    +++.......             (no amulet)
HPRegen  0.07/turn              g - ring of flight
MPRegen  0.11/turn              (no ring)

@: confusing touch, lightly drained, very quick
A: very small, unfitting armour, see invisible, herbivore, speed 3, slow
metabolism 2
a: Evoke Flight


You were on level 2 of the Dungeon.
You were not hungry.

You visited 1 branch of the dungeon, and saw 2 of its levels.

You collected 53 gold pieces.

Inventory:

Hand Weapons
 a - a +1 dagger of draining (weapon)
 e - a +1 dagger
Armour
 b - a +0 robe (worn)
Jewellery
 g - a ring of flight (left hand)
Wands
 i - a wand of digging (4)
Scrolls
 l - a scroll of remove curse {unknown}
Potions
 f - a potion of brilliance {unknown}
 h - 3 potions of cancellation
 k - a potion of ambrosia {unknown}
Comestibles
 d - 4 rations


   Skills:
 + Level 2.4(2.2) Short Blades
 + Level 4.2(4.0) Dodging
 * Level 6.5(6.3) Stealth
 - Level 2.6(2.4) Spellcasting
 - Level 3.6(3.4) Hexes


You had one spell level left.
You knew the following spells:

 Your Spells              Type           Power        Failure   Level  Hunger
a - Corona                Hex            ##.....      4%          1    #......
b - Confusing Touch       Hex            ##......     14%         3    ###....
c - Tukima's Dance        Hex            ##......     14%         3    ###....

Your spell library contained the following spells:

 Spells                   Type           Power        Failure   Level  Hunger
 Ensorcelled Hibernation  Hex/Ice        #.....       14%         2    ##.....
 Dazzling Flash           Conj/Hex       #.....       28%         3    ###....


Dungeon Overview and Level Annotations

Branches:
Dungeon (2/15)

Altars:

Annotations:
D:2 Crazy Yiuf, Robin


Innate Abilities, Weirdness & Mutations

You are very small and have problems with some larger weapons.
You are too small for most types of armour.
You have supernaturally acute eyesight. (SInv)
You are a herbivore.
You cover ground extremely quickly.
You need to consume almost no food.


Message History

You hit the fungus.
The fungus is lightly damaged.
You hit the fungus.
The fungus is lightly damaged.
You see here a runed mace.
You see here a mace.
Casting: Corona (safe; 4% risk of failure)
Confirm with . or Enter, or press ? or * to list all spells.
Your hands begin to glow red.
You open the door. You hit Crazy Yiuf but do no damage.
Crazy Yiuf hits you but does no damage.
You feel drained.
You hit Crazy Yiuf but do no damage. You hit Crazy Yiuf but do no damage.
Crazy Yiuf hits you with a +3 quarterstaff of chaos!
Crazy Yiuf burns you.
* * * LOW HITPOINT WARNING * * *
You hit Crazy Yiuf but do no damage.
Crazy Yiuf hits you with a +3 quarterstaff of chaos!
You die...

###.##..#
#...##### ......
........# ####†###
.... ........#
#..<.# ........#
###### ..#######
........##♣♣♣♣♣
..###..#..P.♣)♣♣♣
### ###
##.....P)♣..♣#...#
#.....P♣♣♣♣@g...#
##...P♣♣ ♣♣#..)#
####♣♣ ###


You could see Crazy Yiuf.

Vanquished Creatures
  Terence (D:2)
  A worker ant (D:2)
  An adder (D:2)
  A worm (D:2)
  A leopard gecko (D:2)
  3 bats (D:1)
  A giant cockroach (D:1)
  9 goblins
  4 hobgoblins
  4 kobolds
  A ball python (D:1)
  2 frilled lizards (D:1)
  5 rats
34 creatures vanquished.

Notes
Turn   | Place    | Note
-------+----------+-------------------------------------------
     0 | D:1      | lemonriz the Spriggan Enchanter began the quest for the
                  | Orb.
     0 | D:1      | Reached XP level 1. HP: 9/9 MP: 5/5
   212 | D:1      | Reached XP level 2. HP: 2/13 MP: 3/6
   491 | D:1      | Reached skill level 5 in Stealth
  1211 | D:2      | Noticed Terence
  1237 | D:2      | Killed Terence
  1237 | D:2      | Reached XP level 3. HP: 14/16 MP: 8/8
  1579 | D:2      | Reached skill level 6 in Stealth
  1579 | D:2      | Reached XP level 4. HP: 19/21 MP: 9/9
  1692 | D:2      | Noticed Robin
  1729 | D:1      | Learned a level 3 spell: Confusing Touch
  1733 | D:1      | Learned a level 3 spell: Tukima's Dance
  1769 | D:2      | Found a runed translucent door.
  1770 | D:2      | Noticed Crazy Yiuf
  1821 | D:2      | Slain by Crazy Yiuf

Levels and vault maps discovered:
D:1:      nagdon_arrival_double_spiral, layout_loops_ring
D:2:      layout_rooms, first_ration, uniq_robin, uniq_crazy_yiuf_cottage,
          uniq_terence

Skill      XL: |  1  2  3 |
---------------+----------+-----
Stealth        | 5 6 |  6.5
Short Blades   | 2 |  2.4
Dodging        | 4 |  4.2
Spellcasting   | |  2.6
Hexes          | |  3.6

Action                   |  1- 3 |  4- 6 || total
-------------------------+-------+-------++-------
Melee: Dagger            |    96 |    31 ||   127
 Cast: Corona            |     3 |       ||     3
       Confusing Touch   |       |     1 ||     1
  Use: Scroll            |       |     2 ||     2
 Stab: Sleeping          |     7 |     1 ||     8
Armor: Robe              |    10 |     2 ||    12
Dodge: Dodged            |    73 |    17 ||    90

Table legend:
 A = Non-vault XP
 B = Vault XP
 C = Vault XP percentage of total XP
 D = Non-vault monster count
 E = Vault monster count
 F = Vault count percentage of total count
                 A         B        C        D         E       F
            +---------+---------+-------+---------+---------+-------
      Total |      97 |      38 |  28.1 |      32 |       2 |   5.9
            +---------+---------+-------+---------+---------+-------
        D:1 |      34 |       0 |   0.0 |      22 |       0 |   0.0
        D:2 |      63 |      38 |  37.6 |      10 |       2 |  16.7
            +---------+---------+-------+---------+---------+-------
